 Dungeon Crawl Stone Soup version 0.22-a0-352-gc608dd7 (webtiles) character file.

246192 Oozefury the Severer (level 18, -26/123 HPs)
             Began as a Deep Dwarf Fighter on Apr 14, 2018.
             Was the Champion of Makhleb.
             Killed from afar by a hellephant (54 damage)
             ... with a blast of flame
             ... on level 2 of the Abyss.
             The game lasted 03:38:26 (31479 turns).

Oozefury the Severer (Deep Dwarf Fighter)          Turns: 31479, Time: 03:38:27

Health: -26/123    AC: 31    Str: 24    XL:     18   Next: 78%
Magic:  16/16      EV: 14    Int: 12    God:    Makhleb [******]
Gold:   1455       SH: 19    Dex: 13    Spells: 23/26 levels left

rFire    . . .     SeeInvis .   s - +9 war axe (vamp)
rCold    + . .     Gourm    .   E - +5 shield {reflect}
rNeg     + . .     Faith    .   c - +3 chain mail {rPois}
rPois    +         Spirit   .   C - +2 helmet
rElec    .         Reflect  +   W - +0 cloak
rCorr    .         Harm     .   z - +1 pair of gloves
MR       ++...                  P - +2 pair of boots
Stlth    ..........             O - amulet of rage
HPRegen  0.00/turn              Y - ring of protection from cold
MPRegen  0.15/turn              r - ring "Jeronay" {AC+3 Slay+2 Stlth+}

@: non-regenerating
A: damage resistance, heal wounds, [blurry vision 3], [deterioration 2], [frail
3], negative energy resistance 1, sense surroundings 3, [no potion heal 2], no
regeneration
}: 2/15 runes: decaying, serpentine
a: Heal Wounds, Minor Destruction, Lesser Servant of Makhleb, Major Destruction,
Greater Servant of Makhleb, Renounce Religion, Evoke Berserk Rage


You were on level 2 of the Abyss.
You worshipped Makhleb.
Makhleb was exalted by your worship.
You were not hungry.

You visited 7 branches of the dungeon, and saw 33 of its levels.
You visited the Abyss 1 time.
You also visited: Labyrinth, Ice Cave and Wizlab.

You collected 3798 gold pieces.
You spent 2343 gold pieces at shops.

Inventory:

Hand Weapons
 s - a +9 vampiric war axe (weapon)
 y - a +5 war axe of flaming
Missiles
 j - 3 throwing nets
 k - 18 javelins
 v - 37 tomahawks (quivered)
Armour
 c - a +3 chain mail of poison resistance (worn)
 z - a +1 pair of gloves (worn)
 C - a +2 helmet (worn)
 E - a +5 shield of reflection (worn)
 P - a +2 pair of boots (worn)
 W - a +0 cloak (worn)
Jewellery
 o - the amulet of Xuuzumo {Spirit rF+ Stlth+}
   (You bought it in a shop on level 11 of the Dungeon)

   [amulet of guardian spirit]

   It causes incoming damage to be split between your health and magic.
   It protects you from fire.
   It makes you more stealthy.
 r - the ring "Jeronay" (right hand) {AC+3 Slay+2 Stlth+}
   (You bought it in a shop on level 2 of the Orcish Mines)

   [ring of protection]

   It affects your AC (+3).
   It affects your accuracy and damage with ranged weapons and melee attacks
   (+2).
   It makes you more stealthy.
 L - an uncursed ring of protection from magic
 O - an amulet of rage (around neck)
 U - an uncursed ring of see invisible
 Y - a ring of protection from cold (left hand)
Wands
 w - a wand of acid (4)
 D - a wand of scattershot (4)
 F - a wand of disintegration (14)
 J - a wand of iceblast (9)
 N - a wand of random effects (15)
 V - a wand of digging (41)
Scrolls
 b - a scroll of summoning
 e - 14 scrolls of teleportation
 g - 6 scrolls of identify
 p - 10 scrolls of remove curse
 q - a scroll of enchant weapon
 x - 13 scrolls of blinking
 B - 7 scrolls of fear
 M - a scroll of holy word {unknown}
 R - a scroll of amnesia
 S - a scroll of silence
 X - 3 scrolls of fog
 Z - 4 scrolls of magic mapping
Potions
 d - 4 potions of might
 i - 2 potions of magic {unknown}
 l - 13 potions of curing
 m - a potion of ambrosia {unknown}
 n - 3 potions of heal wounds
 t - 7 potions of lignification
 u - 3 potions of berserk rage
 A - 5 potions of brilliance
 G - 4 potions of flight
 H - 3 potions of invisibility
 I - 3 potions of agility
 K - 3 potions of haste
 T - 3 potions of resistance
Miscellaneous
 a - a lamp of fire
 Q - a fan of gales
Comestibles
 f - 58 rations
 h - 2 chunks of flesh


   Skills:
 + Level 14.7 Fighting
 - Level 16.1 Axes
 - Level 15.0 Armour
 - Level 11.0 Dodging
 - Level 15.0 Shields
 + Level 4.6 Spellcasting
 + Level 5.8 Translocations
 - Level 15.0 Invocations
 - Level 11.3 Evocations


You had 23 spell levels left.
You knew the following spells:

 Your Spells              Type           Power        Failure   Level  Hunger
a - Apportation           Tloc           ###...       8%          1    None
b - Swiftness             Chrm/Air       #.......     80%         2    ##.....


Dungeon Overview and Level Annotations

Branches:
Dungeon (15/15)            Temple (1/1) D:4            Lair (6/6) D:11
  Swamp (4/4) Lair:4        Snake (4/4) Lair:2        Slime (0/5) Lair:5
    Orc (2/2) D:9             Elf (1/3) Orc:2        Vaults (0/5) D:13
 Depths (0/5) D:15

Altars:
Ashenzari
Cheibriados
Dithmenos
Elyvilon
Fedhas
Gozag
Hepliaklqana
Makhleb
Nemelex Xobeh
Okawaru
Qazlal
Ru
Sif Muna
Trog
Uskayaw
Vehumet
Wu Jian
Xom
Yredelemnul
The Shining One

Shops:
D:9 *   D:10 }(!}   D:11 =   Orc:1 [   Orc:2 *=[(   Snake:2 [   Snake:4 [

Annotations:
D:6 eels and whatever come later
D:10 exclusion: downstairs
Lair:1 exclusion: 4 oklob plants


Innate Abilities, Weirdness & Mutations

You are resistant to damage.
You can heal yourself by infusing magical energy.
You resist negative energy. (rN+)
You passively map a large area around you.
You do not regenerate.
[Scrolls take you much longer to read.]
[Your body often deteriorates upon taking damage.]
[You are extremely frail. (-30% HP)]
[Potions are poor at restoring your health.]


Message History

The raiju bursts into living lightning!
The living lightning misses you.
The raiju blinks! x2
You closely miss the raiju. You block the raiju's attack.
You slice the raiju!!
The raiju bursts into living lightning!
The living lightning misses you.
The raiju blinks!
A hellephant and a lurking horror come into view.
The hellephant trumpets!
The hellephant blinks!
A tentacled starspawn comes into view.
Tentacles burst from the starspawn's body!
The lurking horror explodes!
Your body is wracked with pain!
The raiju convulses! 2 starspawn tentacles come into view.
You take 53 damage, and have 70/123 hp.
MASSIVE DAMAGE!!
The hellephant breathes flames at you. The blast of flame hits you!
* * * LOW HITPOINT WARNING * * *
The blast of flame hits you!
You die...

.#.. ..#. .......
....... .......
....... ......
...... ยง. #....
....#
.)###...###...##
..#....Y#.....#..
..................
..##.....#@.#.#.#
. ......##w#.## ..
###...Xh#..## ..
#. .w###..## #..
## #.#..#.#.##.#
#.#.# .#.
###.###h.#.#.# .
..# #..##.#..# ..#
## .# #......#..#
.# #.### #....
#..##.##.###.
#.#.. .. ##


You could see a hellephant.

Vanquished Creatures
  Vashnia (Snake:3)
  A tentacled starspawn (Abyss:2)
  2 thorn hunters
  6 nagarajas (Snake:4)
  An orc warlord (D:9)
  Aizul (Snake:3)
  A very ugly thing (Swamp:4)
  Nessos (Lair:4)
  A dire elephant (Lair:6)
  4 purple draconians (WizLab)
  2 ettins (Orc:2)
  3 statues (WizLab)
  A yaktaur captain (D:15)
  16 hydras
  3 vault guards (D:13)
  15 naga warriors
  A catoblepas (Lair:6)
  2 centaur warriors (D:15)
  3 two-headed ogres
  16 anacondas
  A death knight (D:14)
  A dancing weapon (Elf:1)
  12 alligators
  A deep troll shaman (Lair:6)
  5 death yaks (Lair:6)
  9 shock serpents
  15 naga sharpshooters
  2 thrashing horrors (Abyss:2)
  Nergalle (Lair:1)
  A wretched star (Abyss:2)
  A skeletal warrior (D:14)
  11 swamp dragons
  3 unseen horrors
  6 salamander mystics (Snake:4)
  2 wizards
  10 naga ritualists
  7 lindwurms
  A necromancer (D:13)
  17 deep elf magi
  A shambling mangrove (Swamp:4)
  A phantasmal warrior (D:14)
  An orc knight (Orc:1)
  18 mana vipers
  A wolf spider zombie (D:12)
  An oklob plant (Orc:2)
  7 cyclopes
  Pikel (D:5)
  15 ugly things
  10 elephants (Lair:6)
  A manticore (D:12)
  6 salamanders
  22 naga magi
  3 ice statues (IceCv)
  9 guardian serpents
  47 black mambas
  22 spiny frogs
  A centaur skeleton (D:15)
  6 rime drakes
  A gargoyle (Lab)
  4 komodo dragons
  A freezing wraith (D:14)
  A minotaur skeleton (Lab)
  A merfolk (D:10)
  5 trolls
  4 polar bears
  A polar bear (shapeshifter) (D:14)
  11 tyrant leeches
  13 bog bodies
  5 hornets
  Prince Ribbit (D:6)
  3 raiju (Abyss:2)
  10 slime creatures
  5 dream sheep (Lair:6)
  12 blink frogs
  8 hippogriffs
  2 redbacks (Lab)
  4 spriggans
  3 wraiths
  Sigmund (D:5)
  A shadow (D:13)
  5 basilisks
  19 humans (D:13)
  6 wyverns
  33 yaks
  13 vampire mosquitoes
  4 hungry ghosts
  Grum (D:11)
  A neqoxec (Abyss:2)
  3 wargs
  8 insubstantial wisps
  47 nagas
  16 swamp worms
  Menkaure (D:5)
  3 acid dragons
  20 water moccasins
  8 porcupines
  2 hell hounds (Lair:4)
  6 swamp drakes
  3 slaves (D:5)
  3 phantoms
  8 ice beasts
  2 black bears
  3 sky beasts
  15 orc warriors
  8 ogres
  16 wolves
  5 centaurs
  16 crocodiles
  3 big kobolds
  24 bullfrogs
  A gnoll sergeant (D:10)
  5 scorpions
  11 killer bees
  8 wights
  3 electric eels (D:6)
  6 crimson imps
  A howler monkey (D:5)
  3 centaur zombies
  A bullfrog zombie (D:13)
  2 quasits
  6 hounds
  7 jellies
  13 orc priests
  21 orc wizards
  A bullfrog skeleton (D:9)
  2 iguanas
  11 worker ants
  A killer bee zombie (D:7)
  2 ogre zombies (D:9)
  A hound zombie (D:9)
  A hound skeleton (D:11)
  16 gnolls
  5 adders
  2 shadow imps
  11 white imps (Orc:2)
  An ooze (Lair:5)
  An adder zombie (D:5)
  A dart slug (D:3)
  4 worms (D:2)
  3 leopard geckos
  66 orcs
  5 giant cockroaches
  11 hobgoblins
  9 jackals
  2 quokkas
  7 bats
  5 frilled lizards
  A giant cockroach zombie (D:7)
  10 goblins
  A jackal zombie (D:7)
  24 kobolds
  A quokka zombie (D:7)
  8 rats
  4 briar patches (Swamp:4)
  8 fungi
  3 plants
1075 creatures vanquished.

Vanquished Creatures (collateral kills)
  Rupert (Snake:1)
  2 thorn hunters
  Donald (Snake:4)
  A very ugly thing (Swamp:2)
  A stone giant (Orc:2)
  A minotaur (Lab)
  2 ettins (Orc:2)
  The ghost of Qupu the Grappler, a journeyman TrMo of Nemelex Xobeh (D:11)
  The ghost of George the Carver, a journeyman MiFi of Okawaru (D:11)
  2 hydras
  2 two-headed ogres
  A death yak (Lair:6)
  2 alligators
  2 spriggan druids (Swamp:4)
  An unseen horror (D:10)
  A swamp dragon (Swamp:4)
  A shambling mangrove (Swamp:2)
  5 cyclopes (Orc:2)
  An orc sorcerer (Orc:2)
  Maurice (D:11)
  2 black mambas
  4 tyrant leeches
  6 hornets
  A bog body (Swamp:2)
  2 spriggans
  3 insubstantial wisps (Swamp:2)
  5 swamp worms
  A swamp drake (Swamp:2)
  2 orc warriors (Orc:2)
  2 wights (D:11)
  2 crimson imps (D:10)
  An adder (D:11)
  A white imp (Orc:2)
  2 orcs
64 creatures vanquished.

Vanquished Creatures (others)
  A naga warrior (Snake:4)
  A naga sharpshooter (Snake:4)
  A naga ritualist (Snake:4)
  A naga mage (Snake:4)
  3 black mambas (Snake:4)
  A hornet (Swamp:4)
  2 nagas (Snake:4)
  A centaur (D:15)
  An orc wizard (D:4)
  A bush (Lair:2)
  5 fungi
  A lurking horror (Abyss:2)
  4 plants
  5 starspawn tentacles (Abyss:2)
28 creatures vanquished.

Grand Total: 1167 creatures vanquished

Notes
Turn   | Place    | Note
-------+----------+-------------------------------------------
     0 | D:1      | Oozefury the Deep Dwarf Fighter began the quest for the Orb.
     0 | D:1      | Reached XP level 1. HP: 20/20 MP: 1/1
     3 | D:1      | Noticed an electric eel
     4 | D:1      | Noticed an electric eel
   194 | D:1      | Reached XP level 2. HP: 18/27 MP: 2/2
   299 | D:1      | Reached skill level 3 in Axes
   995 | D:2      | Reached XP level 3. HP: 13/33 MP: 3/3
  1111 | D:2      | Found a radiant altar of Vehumet.
  1111 | D:2      | Found a deep blue altar of Sif Muna.
  1660 | D:2      | Reached XP level 4. HP: 40/40 MP: 3/3
  1668 | D:2      | Found a glowing golden altar of the Shining One.
  1673 | D:2      | Found a basalt altar of Yredelemnul.
  1675 | D:2      | Noticed a profane servitor
  1835 | D:2      | Reached skill level 4 in Axes
  2052 | D:2      | Noticed an angel
  2463 | D:3      | Reached XP level 5. HP: 44/48 MP: 4/4
  2771 | D:4      | Reached skill level 5 in Axes
  2863 | D:4      | Found a staircase to the Ecumenical Temple.
  2874 | Temple   | Entered the Ecumenical Temple
  2889 | Temple   | Became a worshipper of Makhleb the Destroyer
  3241 | D:4      | Reached XP level 6. HP: 25/55 MP: 5/5
  3367 | D:5      | Entered Level 5 of the Dungeon
  3414 | D:5      | Reached skill level 6 in Axes
  3449 | D:5      | Reached skill level 5 in Armour
  3458 | D:5      | Noticed Sigmund
  3478 | D:5      | Killed Sigmund
  3478 | D:5      | Reached skill level 5 in Shields
  3478 | D:5      | Reached XP level 7. HP: 43/61 MP: 5/5
  3611 | D:5      | Noticed Pikel
  3687 | D:6      | Reached skill level 7 in Axes
  3756 | D:6      | Noticed Prince Ribbit
  3895 | D:5      | Noticed Menkaure
  3926 | D:5      | Killed Menkaure
  3957 | D:5      | Found a blossoming altar of Fedhas.
  3972 | D:5      | Found a stormy altar of Qazlal.
  3982 | D:5      | Reached XP level 8. HP: 33/68 MP: 5/5
  4131 | D:6      | Reached * piety under Makhleb
  4355 | D:6      | Killed Prince Ribbit
  4959 | D:7      | Reached skill level 8 in Axes
  5043 | D:7      | Gained mutation: You passively map the area around you. [Deep Dwarf growth]
  5043 | D:7      | Reached XP level 9. HP: 50/79 MP: 6/6
  5273 | D:7      | Reached ** piety under Makhleb
  5273 | D:7      | Reached skill level 5 in Fighting
  5598 | D:8      | Reached skill level 9 in Axes
  5911 | D:8      | Got a polished mace
  6040 | D:9      | Noticed a troll
  6190 | D:9      | Killed a troll
  6272 | D:9      | Found a staircase to the Orcish Mines.
  6391 | D:9      | Reached skill level 1 in Invocations
  6403 | D:9      | Found Vecureqehu's General Store.
  6466 | D:9      | Found a transporter.
  6509 | D:9      | Found a transporter.
  6742 | D:9      | Found an iron altar of Okawaru.
  6897 | D:9      | Reached XP level 10. HP: 65/91 MP: 6/8
  6982 | D:10     | Entered Level 10 of the Dungeon
  7058 | D:10     | Found Faull's Gadget Emporium.
  7075 | D:9      | Reached *** piety under Makhleb
  7158 | D:10     | Found Noadei's Antique Weapon Emporium.
  7334 | D:10     | Reached skill level 10 in Axes
  7365 | D:10     | Found Reig's Gadget Emporium.
  7371 | D:10     | Noticed a two-headed ogre
  7382 | D:10     | Killed a two-headed ogre
  7434 | D:10     | Killed an unseen horror
  7567 | D:10     | Reached skill level 10 in Armour
  7744 | D:10     | Reached skill level 5 in Invocations
  7762 | D:10     | Identified the +2 mace "Jyaplah" {holy, rElec} (You found it on level 8 of the Dungeon)
  7852 | D:10     | Found Bohaneck's Distillery.
  8002 | D:5      | Found a blossoming altar of Fedhas.
  8002 | D:5      | Found a stormy altar of Qazlal.
  8079 | D:5      | Killed Pikel
  8529 | D:11     | Noticed a purple ugly thing
  8547 | D:11     | Noticed a two-headed ogre
  8703 | D:11     | Killed a purple ugly thing
  8705 | D:11     | Reached XP level 11. HP: 100/100 MP: 11/13
  8731 | D:11     | Noticed Qupu's ghost (journeyman TrMo)
  8759 | D:11     | Found a bloodstained altar of Trog.
  8851 | D:11     | Noticed Grum
  8865 | D:11     | Reached **** piety under Makhleb
  8870 | D:11     | Killed Grum
  8894 | D:11     | Killed a two-headed ogre
  9012 | D:11     | Killed Qupu's ghost
  9039 | D:11     | Reached skill level 11 in Axes
  9055 | D:11     | Found Keosediu's Jewellery Boutique.
  9122 | D:11     | Killed an unseen horror
  9291 | D:11     | Noticed Maurice
  9307 | D:11     | Killed Maurice
  9317 | D:11     | Found a staircase to the Lair.
  9359 | D:11     | Killed an unseen horror
  9518 | D:11     | Noticed George's ghost (journeyman MiFi)
  9528 | D:11     | Killed George's ghost
  9797 | Lair:1   | Entered Level 1 of the Lair of Beasts
  9836 | D:11     | Reached skill level 10 in Shields
 10083 | Lair:1   | Reached skill level 10 in Invocations
 10173 | Lair:1   | Reached skill level 12 in Axes
 10283 | Lair:1   | Noticed Nergalle
 10303 | Lair:1   | Killed Nergalle
 10303 | Lair:1   | Reached XP level 12. HP: 109/109 MP: 14/14
 11029 | Lair:2   | Found a staircase to the Snake Pit.
 11547 | Lair:2   | Reached ***** piety under Makhleb
 12841 | Lair:4   | Reached skill level 13 in Axes
 12930 | Lair:4   | Noticed an eight-headed hydra
 12942 | Lair:4   | Killed a three-headed hydra
 13105 | Lair:4   | Noticed Nessos
 13133 | Lair:4   | Killed Nessos
 13246 | Lair:4   | Found a staircase to the Swamp.
 13564 | Lair:4   | Noticed a four-headed hydra
 13579 | Lair:4   | Reached XP level 13. HP: 101/121 MP: 14/16
 13924 | Lair:5   | Found a labyrinth entrance.
 13951 | Lab      | Entered a labyrinth
 14162 | Lab      | Got a dazzling leather armour
 14173 | Lab      | Identified the +1 leather armour of Tuxzo {Int+4} (You found it in a labyrinth)
 14220 | Lab      | Noticed a minotaur
 14236 | Lab      | Killed a minotaur
 14245 | Lab      | Got a shimmering battleaxe
 14246 | Lab      | Got a pitted chain mail
 14314 | Lair:5   | Identified the +6 battleaxe of Hacking and Slashing {freeze, rPois rN+ MR- Int+2} (You found it in a labyrinth)
 14326 | Lair:5   | Identified the +4 chain mail of Yfaucad {rF- MR+ Str+3} (You found it in a labyrinth)
 14364 | Lair:5   | Found a staircase to the Slime Pits.
 15118 | Lair:6   | Entered Level 6 of the Lair of Beasts
 15226 | Lair:6   | Reached skill level 14 in Axes
 15911 | Lair:6   | Gained mutation: You resist negative energy. (rN+) [Deep Dwarf growth]
 15911 | Lair:6   | Reached XP level 14. HP: 129/129 MP: 18/18
 16048 | Lair:6   | Reached skill level 15 in Axes
 16568 | Orc:1    | Entered Level 1 of the Orcish Mines
 16568 | Orc:1    | Noticed an orc warlord
 16605 | D:9      | Reached ****** piety under Makhleb
 16611 | D:9      | Killed an orc warlord
 16972 | Orc:1    | Found Rewamm's Antique Armour Emporium.
 17130 | Orc:2    | Entered Level 2 of the Orcish Mines
 17131 | Orc:2    | Found Har Seid's Antique Armour Shoppe.
 17210 | Orc:2    | Found Morhugec's Antique Weapon Shoppe.
 17236 | Orc:2    | Found a staircase to the Elven Halls.
 17238 | Orc:2    | Found a frozen archway.
 17254 | Orc:2    | HP: 4/129 [ettin/dire flail (32)]
 17258 | IceCv    | Entered an ice cave
 17524 | Orc:2    | HP: 6/129 [ettin/dire flail (20)]
 17564 | Orc:2    | Noticed a stone giant
 17676 | Orc:2    | Killed a stone giant
 17713 | Orc:2    | HP: 5/129 [ettin/dire flail (6)]
 17715 | Orc:2    | HP: 2/129 [ettin/dire flail (25)]
 18005 | D:12     | Found the +8 storm bow {elec}
 19656 | Orc:2    | Found Cuesuymp's General Store.
 19664 | Orc:2    | Bought a potion of haste for 140 gold pieces
 19664 | Orc:2    | Bought a potion of heal wounds for 70 gold pieces
 19740 | Orc:2    | Found Evevvire's Jewellery Shoppe.
 19799 | Orc:2    | Reached skill level 15 in Invocations
 20376 | Swamp:1  | Entered Level 1 of the Swamp
 20473 | Swamp:1  | Reached skill level 1 in Dodging
 20490 | Swamp:1  | Reached skill level 16 in Axes
 20490 | Swamp:1  | Reached skill level 15 in Shields
 20554 | Swamp:1  | Reached XP level 15. HP: 99/135 MP: 18/18
 21298 | Swamp:2  | Noticed a thorn hunter
 21299 | Swamp:2  | Noticed a thorn hunter
 21452 | Swamp:2  | Killed a thorn hunter
 21456 | Swamp:2  | Reached skill level 5 in Dodging
 21471 | Swamp:2  | Reached skill level 10 in Fighting
 21659 | Swamp:2  | Killed a thorn hunter
 21977 | Swamp:3  | Noticed a thorn hunter
 21985 | Swamp:3  | Killed a thorn hunter
 22491 | Swamp:2  | Reached skill level 1 in Evocations
 22673 | Swamp:4  | Entered Level 4 of the Swamp
 23035 | Swamp:4  | Noticed a thorn hunter
 23048 | Swamp:4  | Killed a thorn hunter
 23096 | Swamp:4  | Reached XP level 16. HP: 150/150 MP: 16/16
 23108 | Swamp:4  | Reached skill level 5 in Evocations
 23254 | Swamp:4  | Got a decaying rune of Zot
 23745 | Snake:1  | Entered Level 1 of the Snake Pit
 24034 | Snake:1  | Noticed Rupert
 24040 | Snake:1  | Killed Rupert
 24763 | D:11     | Bought the amulet of Xuuzumo {Spirit rF+ Stlth+} for 748 gold pieces
 24871 | Orc:2    | Bought the ring "Jeronay" {AC+3 Slay+2 Stlth+} for 666 gold pieces
 24895 | Orc:2    | Bought a bloodstained chain mail for 389 gold pieces
 24896 | Orc:2    | Identified the cursed +1 chain mail "Liosoesu" {Dex+4} (You bought it in a shop on level 2 of the Orcish Mines)
 25212 | Snake:2  | Reached skill level 10 in Dodging
 25332 | Snake:2  | Found Lyvuh's Antique Armour Emporium.
 25342 | Snake:2  | Bought a dazzling scale mail for 180 gold pieces
 25342 | Snake:2  | Bought a pair of glowing gloves for 150 gold pieces
 25353 | Snake:2  | Identified the cursed +1 scale mail "Anegh" {rF+ rC- Str+2} (You bought it in a shop on level 2 of the Snake Pit)
 26066 | Snake:3  | Noticed Vashnia
 26106 | Snake:3  | Killed Vashnia
 26372 | Snake:3  | Reached XP level 17. HP: 162/162 MP: 15/15
 26409 | Snake:3  | Noticed Aizul
 26435 | Snake:3  | Killed Aizul
 26642 | Snake:4  | Entered Level 4 of the Snake Pit
 26767 | Snake:4  | Found Agi Dae's Armour Shoppe.
 26970 | Snake:4  | Noticed Donald
 27000 | Snake:4  | Killed Donald
 27818 | Snake:4  | Reached skill level 10 in Evocations
 27977 | Snake:4  | Gained mutation: You passively map a large area around you. [Deep Dwarf growth]
 27977 | Snake:4  | Reached XP level 18. HP: 174/174 MP: 16/16
 28044 | Snake:4  | Got a serpentine rune of Zot
 28120 | Snake:4  | Learned a level 1 spell: Apportation
 28123 | Snake:4  | Learned a level 2 spell: Swiftness
 28912 | D:13     | Reached skill level 15 in Armour
 28922 | D:13     | Reached skill level 1 in Spellcasting
 29020 | D:13     | Found a gate to the Vaults.
 29033 | D:13     | Reached skill level 1 in Translocations
 29081 | D:13     | Identified a scroll of acquirement
 29087 | D:13     | Got a crude scale mail
 29098 | D:13     | Identified the +0 scale mail "Nicis" {Str-5 Slay+6} (You acquired it on level 13 of the Dungeon)
 29204 | D:14     | Found a sacrificial altar of Ru.
 29921 | D:15     | Entered Level 15 of the Dungeon
 30456 | D:15     | Found a staircase to the Depths.
 30833 | Elf:1    | Entered Level 1 of the Elven Halls
 30878 | Elf:1    | Found a radiant altar of Vehumet.
 30947 | Elf:1    | Found a radiant altar of Vehumet.
 31032 | Elf:1    | Found a magical portal.
 31041 | WizLab   | Entered Iskenderun's Mystic Tower
 31137 | WizLab   | Reached skill level 5 in Translocations
 31226 | WizLab   | Cast into level 2 of the Abyss (purple draconian)
 31474 | Abyss:2  | Noticed a hellephant
 31479 | Abyss:2  | Killed from afar by a hellephant

Vault maps used:
D:1:      arrival_aquarium_b, minmay_tetromino_s4
D:2:      grunt_temple_overflow_holy_war, amethyst_overflow_temple_binary,
          serial_bayou_pond_d
D:3:      kennysheep_generic_room_13
D:4:      temple_fountains, first_ration
D:5:      grunt_temple_overflow_forces_of_nature, uniq_menkaure, uniq_sigmund,
          uniq_pikel
D:6:      kennysheep_boxes, uniq_prince_ribbit1
D:9:      gammafunk_cloud_chamber, okawaru_altar_gauntlet_db, orc_0_dummy,
          serial_shops, shop
D:10:     serial_shops, nicolae_shop_competitors_out_of_business, shop,
          shop_fountains, kennysheep_little_box, hangedman_stone_soup
D:11:     serial_shops, shop, basic_altar, uniq_maurice, uniq_grum
D:12:     lemuel_flamethrower_2
D:13:     grunt_vaults_entry_tiered
D:14:     nicolae_ru_path_of_blood
D:15:     grunt_enter_depths_snipers, minmay_misc_feat_pillars
Temple:   regret_index_temple_waves
Lair:1:   grunt_megastairs_3, infiniplex_staircase_pool,
          minmay_lair_oklob_chamber, lemuel_fruit_tree, serial_bayou_shore_a,
          uniq_nergalle
Lair:2:   dummy_snake_entry, grunt_megastairs_2
Lair:3:   bh_autumn_forest_stairs, beast_lair_carwin_9, serial_bayou_shore_b
Lair:4:   minmay_swamp_entry_worms, special_room, wad_woods_road_01,
          cheibrodos_lair_caveside_slide, infiniplex_staircase_pool_2,
          grunt_megastairs_5, uniq_nessos
Lair:5:   nicolae_slime_entry_slimehenge, lab_entry_generic, minivault_27
Lair:6:   grunt_lair_end_beastmaster
Swamp:1:  hangedman_swamp_blocks
Swamp:2:  nicolae_swamp_round_clearing
Swamp:3:  hangedman_swamp_pad
Swamp:4:  swamp_alternative, swamp_pool3
Snake:1:  uniq_rupert
Snake:2:  serial_shops, nicolae_shop_temple_entry_statues_fountains
Snake:3:  uniq_aizul, uniq_vashnia
Snake:4:  snake_pit_salamanders_mu, serial_shops, shop, uniq_donald
Orc:1:    serial_shops, nicolae_shop_trees, statue_in_the_mist_lemuel
Orc:2:    grunt_orc_gardens, grunt_orc_garden, grunt_orc_garden,
          grunt_orc_garden, grunt_orc_garden, portal_ice_cave_entry_imps,
          nicolae_orc_bridge_out, mines3_lemuel
Elf:1:    eino_elf_arrival_altar, mu_enter_wizlab_3, serial_shops,
          nicolae_shop_behind_doors, kennysheep_underground_church,
          hangedman_feature_mirror
Abyss:2:  bh_abyss_xom_lugonu_altar
Lab:      labyrinth_hidden_loot, lab_block, nicolae_lab_very_dead_end,
          nicolae_lab_diamond, lab_hedge, nicolae_lab_lava, lab_statue,
          nicolae_lab_plus, nicolae_lab_checkerboard, nicolae_lab_stuck
IceCv:    ice_cave_statue_garden_chambered
WizLab:   wizlab_iskenderun

Skill      XL: |  1  2  3  4  5  6  7  8  9 10 11 12 13 14 15 16 17 18 |
---------------+-------------------------------------------------------+-----
Axes           | 3 4 5 6 7 8 9 10 12 13 14 16 | 16.1
Armour         | 4 5 7 9 10 11 12 14 15 | 15.0
Shields        | 4 5 7 8 10 12 13 15 | 15.0
Fighting       | 4 6 7 9 11 12 13 14 | 14.7
Invocations    | 1 6 10 13 15 | 15.0
Dodging        | 1 8 10 11 | 11.0
Evocations     | 4 6 10 11 | 11.3
Spellcasting   | 4 |  4.6
Translocations | 5 |  5.8

Action                   |  1- 3 |  4- 6 |  7- 9 | 10-12 | 13-15 | 16-18 || total
-------------------------+-------+-------+-------+-------+-------+-------++-------
Melee: War axe           |   197 |   194 |   563 |   779 |  1331 |  1626 ||  4690
       Mace              |       |       |       |    31 |       |       ||    31
Throw: Stone             |       |       |    14 |       |       |       ||    14
       Tomahawk          |       |       |     9 |       |       |       ||     9
Invok: Lesser Servant of |       |       |       |     7 |     8 |     2 ||    17
       Major Destruction |       |       |       |     2 |    11 |     5 ||    18
       Minor Destruction |       |       |       |     2 |       |     2 ||     4
       Greater Servant o |       |       |       |       |     7 |     3 ||    10
 Abil: Heal Wounds       |     2 |     4 |    12 |     7 |    22 |     3 ||    50
       Evoke Berserk Rag |       |       |       |     5 |    10 |    12 ||    27
Evoke: Wand              |       |       |       |     4 |     3 |       ||     7
       Lamp of fire      |       |       |       |       |     1 |       ||     1
  Use: Scroll            |       |    11 |     1 |     9 |    15 |    16 ||    52
       Potion            |       |     1 |       |     1 |     2 |     1 ||     5
 Stab: Distracted        |       |       |       |       |     3 |     4 ||     7
       Confused          |       |       |       |       |     1 |       ||     1
  Eat: Chunk             |     4 |     6 |    11 |    27 |    33 |    31 ||   112
       Ration            |       |       |     3 |       |     2 |     5 ||    10
Armor: Scale mail        |   103 |    65 |   169 |       |       |       ||   337
       Chain mail        |       |       |    68 |   378 |   523 |   646 ||  1615
Dodge: Dodged            |    59 |    58 |   137 |   183 |   339 |   609 ||  1385
Block: Shield            |   125 |    84 |   308 |   464 |   742 |  1202 ||  2925
       Reflection        |       |       |       |       |       |    44 ||    44

Table legend:
 A = Spawn XP
 B = Non-spawn XP
 C = Spawn XP percentage of total XP
 D = Spawn monster count
 E = Non-spawn monster count
 F = Spawn count percentage of total count
 G = Total turns spent on level
                    A         B        C        D         E        F      G
               +---------+---------+-------+---------+---------+-------+---------
         Total |    6663 |  351317 |   1.9 |       9 |    1123 |   0.8 | 31479
               +---------+---------+-------+---------+---------+-------+---------
           D:1 |       0 |      36 |   0.0 |       0 |      25 |   0.0 |   900
           D:2 |       0 |      80 |   0.0 |       0 |      26 |   0.0 |  1218
           D:3 |       0 |     123 |   0.0 |       0 |      18 |   0.0 |   615
           D:4 |       0 |     321 |   0.0 |       0 |      12 |   0.0 |   577
           D:5 |       0 |    1229 |   0.0 |       0 |      15 |   0.0 |  1000
           D:6 |       0 |    1155 |   0.0 |       0 |      20 |   0.0 |   727
           D:7 |       0 |    1179 |   0.0 |       0 |      28 |   0.0 |   823
           D:8 |       0 |    1076 |   0.0 |       0 |      20 |   0.0 |   722
           D:9 |       0 |    3972 |   0.0 |       0 |      40 |   0.0 |  1391
          D:10 |       0 |    3529 |   0.0 |       0 |      36 |   0.0 |  1206
          D:11 |       0 |    8560 |   0.0 |       0 |      47 |   0.0 |  1296
          D:12 |       0 |    2955 |   0.0 |       0 |      16 |   0.0 |  1264
          D:13 |       0 |   12821 |   0.0 |       0 |      56 |   0.0 |   583
          D:14 |       0 |   12237 |   0.0 |       0 |      32 |   0.0 |   750
          D:15 |       0 |    6805 |   0.0 |       0 |      22 |   0.0 |   799
        Lair:1 |       0 |    5654 |   0.0 |       0 |      24 |   0.0 |  1454
        Lair:2 |       0 |    4510 |   0.0 |       0 |      26 |   0.0 |  1146
        Lair:3 |       0 |    2215 |   0.0 |       0 |      14 |   0.0 |   867
        Lair:4 |       0 |   10623 |   0.0 |       0 |      37 |   0.0 |  1230
        Lair:5 |       0 |    3106 |   0.0 |       0 |      20 |   0.0 |   931
        Lair:6 |       0 |   27630 |   0.0 |       0 |      65 |   0.0 |  1228
       Swamp:1 |       0 |    6270 |   0.0 |       0 |      26 |   0.0 |   803
       Swamp:2 |       0 |   19743 |   0.0 |       0 |      45 |   0.0 |   752
       Swamp:3 |       0 |    9795 |   0.0 |       0 |      18 |   0.0 |   928
       Swamp:4 |       0 |   27311 |   0.0 |       0 |      64 |   0.0 |   931
       Snake:1 |       0 |   15685 |   0.0 |       0 |      33 |   0.0 |   930
       Snake:2 |       0 |   19210 |   0.0 |       0 |      41 |   0.0 |   707
       Snake:3 |       0 |   25550 |   0.0 |       0 |      41 |   0.0 |   876
       Snake:4 |       0 |   80618 |   0.0 |       0 |     125 |   0.0 |  1602
         Orc:1 |       0 |    3090 |   0.0 |       0 |      43 |   0.0 |   640
         Orc:2 |       0 |   10697 |   0.0 |       0 |      48 |   0.0 |  1250
         Elf:1 |       0 |    4866 |   0.0 |       0 |       8 |   0.0 |   208
       Abyss:2 |    6663 |       0 | 100.0 |       9 |       0 | 100.0 |   253
           Lab |       0 |    2107 |   0.0 |       0 |       5 |   0.0 |   339
         IceCv |       0 |    3094 |   0.0 |       0 |      11 |   0.0 |   257
        WizLab |       0 |   13465 |   0.0 |       0 |      16 |   0.0 |   185
               +---------+---------+-------+---------+---------+-------+---------
